 Dungeon Crawl Stone Soup version bcrawl-1.41.1 (webtiles) character file.

Game seed: 17712097442873480312

173510 Grimmash the Sneak (level 6, -9/67 HPs)
             Began as an Ent Archaeologist on Apr 19, 2024.
             Mangled by Crazy Yiuf
             ... wielding a +4 quarterstaff of chaos
              (14 damage)
             ... on level 4 of the Dungeon.
             The game lasted 00:04:09 (3498 turns).

Grimmash the Sneak (Ent Archaeologist)              Turns: 3498, Time: 00:04:09

Health: -9/67      AC: 14    Str: 19    XL:     6   Next: 45%
Magic:  5/9        EV: 10    Int: 16    God:
Gold:   1782       SH:  0    Dex:  8    Spells: 10/10 levels left

rFire    . . .     GDR:     29% a - +0 giant spiked club
rCold    . . .     SeeInvis .   (shield currently unavailable)
rNeg     + + +     Gourm    .   (armour unavailable)
rPois    +         Faith    .   c - +1 hat
rElec    .         Spirit   .   (no cloak)
rCorr    .         Reflect  .   (gloves unavailable)
MR       .....                  (boots unavailable)
Stlth    ++........             (no amulet)
HPRegen  0.21/turn              (no ring)
MPRegen  0.11/turn              (no ring)

@: very slow
A: large, slow actions, passwall, strong branches, negative energy resistance 3,
poison resistance, slow metabolism 1, torment resistance, unbreathing, AC +13
a: Passwall


You were on level 4 of the Dungeon.
You were not hungry.

You visited 1 branch of the dungeon, and saw 4 of its levels.

You collected 1782 gold pieces.

Inventory:

Hand Weapons
 a - a +0 giant spiked club (weapon)
 b - a +0 blowgun
 q - a +0 trident
Missiles
 d - 5 curare-tipped needles
 j - 103 poisoned needles
Armour
 c - a +1 hat (worn)
Jewellery
 h - an uncursed ring of ice
 n - an uncursed ring of flight
Wands
 x - a wand of polymorph (1)
Scrolls
 f - a scroll of remove curse {unknown}
 g - a scroll of revelation
 i - 5 scrolls of identify
 k - 3 scrolls of teleportation {unknown}
 m - a scroll of immolation {unknown}
 o - a scroll of fog {unknown}
 r - a scroll of blinking {unknown}
 s - 3 scrolls of amnesia {unknown}
 u - a scroll of enchant weapon {unknown}
Potions
 l - 5 potions of heal wounds {unknown}
 p - a potion of berserk rage {unknown}
 t - a potion of haste
 v - a potion of magic {unknown}
 w - a potion of curing {unknown}
 z - a potion of brilliance {unknown}
 A - a potion of mutation {unknown}
 B - a potion of lignification {unknown}
Comestibles
 e - 3 rations {!d}


   Skills:
 * Level 4.0 Fighting
 * Level 4.0 Maces & Flails
 * Level 4.0 Dodging
 + Level 4.0 Stealth
 * Level 2.5 Spellcasting


You had 10 spell levels left.
You didn't know any spells.
Your spell library was empty.

Dungeon Overview and Level Annotations

Branches:
Dungeon (4/12)
 Temple: D:4-7

Altars:
Fedhas
Xom
Zin

Annotations:
D:4 Crazy Yiuf


Innate Abilities, Weirdness & Mutations

You move and act slowly.
You can pass through walls and trees.
Your branches can wield two-handed weapons with a shield.
Your thick bark is tough. (AC +13)
You are too large for most types of armour.
You are immune to negative energy. (rN+++)
Your system is resistant to poisons. (rPois)
You have a slow metabolism.
You are immune to unholy pain and torment.
You can survive without breathing.


Message History

* * * LOW HITPOINT WARNING * * *
You closely miss Crazy Yiuf.
Crazy Yiuf is lightly wounded.
Crazy Yiuf grits, "You unthinkable fast!"
Crazy Yiuf hits you but does no damage.
Crazy Yiuf hits you with a +4 quarterstaff of chaos.
* * * LOW HITPOINT WARNING * * *
Crazy Yiuf burns you.
* * * LOW HITPOINT WARNING * * *
You barely miss Crazy Yiuf.
Crazy Yiuf is lightly wounded.
Crazy Yiuf closely misses you.
Crazy Yiuf hits you with a +4 quarterstaff of chaos!
* * * LOW HITPOINT WARNING * * *
You feel your power leaking away.
No path to travel!
You closely miss Crazy Yiuf.
Crazy Yiuf is lightly wounded.
Crazy Yiuf hits you but does no damage.
You are electrocuted!
You die...

#.#
#...........##......#
#.#
#....[###.......#####
#.# #.#.### #########
#.# #.#..# #.# #....#
##### #.# #.##.#
#..)# #.# #.####
#...# #.####>####
#.g.# #.........# #@#
#.####...<# ♣♣.♣ #.#
###### ♣.♣♣ #.# ♣♣.♣
#.# ♣.♣♣ ##.#####
♣♣.♣♣ .......#####
♣.P.♣♣ .#.###.....#
♣.P.P♣ .#.# ##....#
#....#


You could see Crazy Yiuf.

Vanquished Creatures
  An ogre (D:3)
  A centaur (D:4)
  A bullfrog skeleton (D:4)
  2 orc wizards (D:3)
  Ijyb (D:4)
  A worker ant (D:3)
  2 adders (D:3)
  2 oozes
  3 worms
  3 leopard geckos
  8 orcs
  3 ball pythons
  3 giant cockroaches
  7 goblins
  4 hobgoblins
  A jackal (D:2)
  9 kobolds
  2 quokkas (D:2)
  8 bats
  A frilled lizard (D:2)
  A jackal skeleton (D:4)
  6 rats
70 creatures vanquished.

Notes
Turn   | Place    | Note
-------+----------+-------------------------------------------
     0 | D:1      | Grimmash the Ent Archaeologist began the quest for the Orb.
     0 | D:1      | Reached XP level 1. HP: 21/21 MP: 1/1
   110 | D:1      | Reached XP level 2. HP: 29/29 MP: 2/2
   493 | D:1      | Reached XP level 3. HP: 23/36 MP: 4/4
   910 | D:2      | Reached skill level 1 in Spellcasting
  1080 | D:2      | Found a glowing silver altar of Zin.
  1590 | D:2      | Found a shimmering altar of Xom.
  1689 | D:3      | Reached XP level 4. HP: 47/47 MP: 5/5
  1841 | D:3      | Found a faded altar of an unknown god.
  1924 | D:3      | Noticed an ogre
  1932 | D:3      | Killed an ogre
  1933 | D:3      | Reached XP level 5. HP: 58/58 MP: 5/7
  1933 | D:3      | Identified a scroll of acquirement
  1933 | D:3      | Identified the ring of Walahih {rElec MR+ Str+5 Int-4
                  | Dex-2} (You acquired it on level 3 of the Dungeon)
  2437 | D:3      | Found a blossoming altar of Fedhas.
  2551 | D:4      | Noticed Ijyb
  2715 | D:4      | Reached XP level 6. HP: 15/67 MP: 9/9
  2717 | D:4      | Killed Ijyb
  3100 | D:4      | Found a runed door.
  3487 | D:4      | Noticed Crazy Yiuf
  3498 | D:4      | Mangled by Crazy Yiuf

Skill      XL: |  1  2  3  4  5  6 |
---------------+-------------------+-----
Dodging        | 3 4 |  4.0
Spellcasting   | 1 2 |  2.5
Maces & Flails | 2 3 4 |  4.0
Fighting       | 2 3 4 |  4.0
Stealth        | 4 |  4.0

Action                   |  1- 3 |  4- 6 || total
-------------------------+-------+-------++-------
Melee: Whip              |   131 |    21 ||   152
       Giant spiked club |       |    76 ||    76
 Fire: Blowgun           |    69 |     7 ||    76
  Use: Scroll            |     1 |     1 ||     2
 Stab: Sleeping          |     4 |     2 ||     6
       Invisible         |       |     2 ||     2
  Eat: Chunk             |     8 |     7 ||    15
       Ration            |       |     1 ||     1
Armor: Skin              |   124 |   130 ||   254
Dodge: Dodged            |   133 |   114 ||   247
